 Dungeon Crawl Stone Soup version 0.26-a0-487-gbff1e92059 (webtiles) character file.

Game seed: 1298485897778596685

115140 Infinimo the Fencer (level 16, -8/134 HPs)
             Began as a Demonspawn Berserker on Aug 2, 2020.
             Was a High Priest of Trog.
             Mangled by a four-headed hydra simulacrum (12 damage)
             ... on level 4 of the Swamp.
             The game lasted 00:51:29 (33317 turns).

Infinimo the Fencer (Demonspawn Berserker)         Turns: 33317, Time: 00:51:30

Health: -8/134     AC: 36    Str: 20    XL:     16   Next: 17%
Magic:  16/16      EV: 10    Int: 11    God:    Trog [*****.]
Gold:   327        SH:  5    Dex: 17    Spells: 15/15 levels left

rFire    + . .     SeeInvis .   H - +3 triple sword (flame)
rCold    + + .     Faith    .   (shield currently unavailable)
rNeg     + + .     Spirit   .   v - +5 gold dragon scales
rPois    +         Reflect  +   (helmet restricted)
rElec    .         Harm     .   p - scarf {repulsion}
rCorr    .                      y - +2 pair of gloves of Perpetual Drought {rPois rN++ Dex+2}
MR       +....                  g - +0 pair of boots
Stlth    ..........             l - amulet of reflection
HPRegen  0.32/turn              M - +4 ring of evasion
MPRegen  0.15/turn              c - +4 ring of protection

@: berserk cooldown, slowed, repel missiles, very slow
A: horns 1, talons 2, slimy green scales 2, cold resistance 1, foul stench 1,
powered by pain 2, rot immunity
a: Berserk, Trog's Hand, Brothers in Arms, Renounce Religion


You were on level 4 of the Swamp.
You worshipped Trog.
Trog was extremely pleased with you.
You visited 4 branches of the dungeon, and saw 24 of its levels.
You also visited: Sewer, Ossuary and Gauntlet.

You collected 2879 gold pieces.
You spent 2552 gold pieces at shops.

Inventory:

Hand Weapons
 F - a +5 double sword of venom
 H - a +3 triple sword of flaming (weapon)
Missiles
 N - 17 silver javelins (quivered)
Armour
 a - the +16 plate armour of Gedoz {rF+ rC+ Str+4 Dex+2}
   (You bought it in a shop on level 7 of the Dungeon)

   It affects your strength (+4).
   It affects your dexterity (+2).
   It protects you from fire.
   It protects you from cold.
 g - a +0 pair of boots (worn)
 p - a scarf of repulsion (worn)
 v - +5 gold dragon scales (worn)
 y - the +2 pair of gloves of Perpetual Drought (worn) {rPois rN++ Dex+2}
   (You acquired it on level 1 of the Swamp)

   It affects your dexterity (+2).
   It protects you from poison.
   It greatly protects you from negative energy.
Jewellery
 c - a +4 ring of protection (right hand)
 l - an amulet of reflection (around neck)
 A - an uncursed ring of protection from magic
 D - an uncursed ring of resist corrosion
 M - a +4 ring of evasion (left hand)
Wands
 b - a wand of clouds (11)
 w - a wand of disintegration (17)
 B - a wand of acid (44)
 C - a wand of iceblast (8)
 O - a wand of digging (3)
Scrolls
 d - 6 scrolls of blinking
 f - 16 scrolls of identify
 k - 4 scrolls of fog
 m - 11 scrolls of remove curse
 q - 9 scrolls of teleportation
 u - 8 scrolls of magic mapping
 z - 2 scrolls of brand weapon
Potions
 e - a potion of resistance
 h - 4 potions of stabbing
 i - 3 potions of magic
 j - 12 potions of flight
 n - 5 potions of mutation
 o - 5 potions of lignification
 r - a potion of heal wounds
 s - 4 potions of cancellation
 t - 7 potions of might
 x - 4 potions of curing
 K - a potion of invisibility


   Skills:
 + Level 14.5 Fighting
 * Level 18.0 Long Blades
 + Level 13.3 Armour
 - Level 5.0 Dodging


You had 15 spell levels left.
You didn't know any spells.
Your spell library was empty.

Dungeon Overview and Level Annotations

Branches:
Dungeon (12/15)            Temple (0/1) D:7            Lair (6/6) D:11
  Swamp (4/4) Lair:2       Spider (0/4) Lair:3        Slime (0/5) Lair:6
    Orc (2/2) D:12            Elf (0/3) Orc:2         Sewer (visited)
Ossuary (visited)         Gauntlet (visited)

Altars:
Elyvilon
Hepliaklqana
Qazlal
Ru
Xom
Zin
Beogh
Jiyva

Shops:
D:4 *   D:7 *[:(}   D:10 !   Orc:2 =}?*=

Annotations:
D:7 2 runed translucent doors, Crazy Yiuf; iamserjio's ghost, novice OpDe


Innate Abilities, Weirdness & Mutations

You have razor-sharp toenails.
You are mostly covered in slimy green scales. (AC +3)
Your flesh is cold resistant. (rC+)
You may emit foul miasma when damaged in melee.
You sometimes gain power by taking damage.
You are immune to rotting.
You have a pair of small horns on your head.


Message History

The noxious blast is repelled.
The four-headed hydra simulacrum moves out of view.
The swamp drake breathes noxious fumes at you.
Your gold dragon scales prevents you from hitting the swamp drake.
You headbutt the swamp drake!
The swamp drake is moderately wounded.
You burn the swamp drake.
You kill the swamp drake!
Trog accepts your kill.
The four-headed hydra simulacrum bites you.
* * * LOW HITPOINT WARNING * * *
The four-headed hydra simulacrum freezes you!
You resist.
* * * LOW HITPOINT WARNING * * *
You block the four-headed hydra simulacrum's attack.
The four-headed hydra simulacrum bites you.
* * * LOW HITPOINT WARNING * * *
The four-headed hydra simulacrum freezes you!
You resist.
You die...

≈≈≈≈≈≈≈≈....≈....≈≈..≈..♣
.≈≈.≈≈≈≈.≈≈.≈.≈.≈..≈♣≈≈.♣
≈≈≈[Z≈≈≈≈≈≈..≈..≈.§♣≈≈≈.♣♣♣♣♣
.≈...§.≈≈≈≈.......♣♣.≈≈.♣♣≈§♣
♣♣♣♣♣≈..§≈.≈≈..§≈≈.§.≈≈≈....♣♣
♣♣♣..♣...♣≈≈≈≈≈≈≈≈≈..≈≈≈≈≈≈≈≈♣
♣.≈≈.♣.≈≈≈≈≈≈≈≈≈≈≈≈..≈≈≈≈≈≈.≈♣
..≈≈.....≈≈≈≈≈≈Z≈≈≈♣≈.≈≈≈..♣♣♣
♣≈..≈≈≈≈..§≈....@≈♣♣≈.≈≈.≈♣♣
♣.§.≈≈≈......≈♣♣♣♣♣♣.≈≈≈≈≈♣
..≈..≈≈..≈♣♣≈≈≈≈.♣ ♣.≈≈≈≈♣♣
≈≈≈≈≈≈≈♣♣♣♣♣♣≈≈≈≈≈≈♣.≈≈≈.♣
≈≈≈≈≈≈.♣ $..≈≈≈.♣....♣♣
≈≈≈≈≈≈.♣ ..≈≈..♣♣♣..≈♣
≈≈.♣≈..♣ ..≈≈..♣♣ ♣.≈.♣
.!♣...≈♣ .≈≈≈≈≈§♣♣♣≈≈.♣
.≈♣.≈≈≈♣ ≈≈≈≈♣♣♣≈≈.♣♣♣♣


You could see a four-headed hydra simulacrum.

Vanquished Creatures
  4 thorn hunters
  Kirke (Swamp:1)
  A minotaur (Gauntlet)
  A death ooze (Gauntlet)
  A fire dragon (D:11)
  11 hydras
  Erolcha (D:11)
  A catoblepas (Lair:6)
  A centaur warrior (D:12)
  5 shambling mangroves
  10 two-headed ogres
  2 ogre magi
  A deep troll shaman (Lair:6)
  8 alligators
  5 death yaks (Lair:6)
  The ghost of Askman the Geomancer, a novice GrEE of Vehumet (D:9)
  Sonja (Lair:3)
  Urug (D:11)
  4 spriggan druids
  A wizard (Gauntlet)
  2 deep trolls (Orc:2)
  An orc knight (Orc:1)
  5 swamp dragons
  A lindwurm (Lair:6)
  A deep elf mage (D:12)
  3 orc sorcerers (Orc:1)
  2 manticores (Lair:6)
  5 cyclopes
  2 black mambas
  4 centaur zombies
  Psyche (D:11)
  14 elephants
  A black mamba (shapeshifter) (Gauntlet)
  20 cane toads
  3 centaur skeletons
  5 rime drakes
  A freezing wraith (Swamp:4)
  2 hellwings
  An ice devil (Gauntlet)
  4 komodo dragons
  A jumping spider (Lair:3)
  9 trolls
  16 tyrant leeches
  7 hornets
  5 polar bears (Lair:5)
  13 hippogriffs
  12 bog bodies
  23 blink frogs
  14 slime creatures
  A meliai zombie (D:9)
  12 flying skulls (Gauntlet)
  3 shadows
  A tarantella (shapeshifter) (D:9)
  2 wyverns
  4 spriggans
  A wraith (D:12)
  41 yaks
  5 hogs
  9 basilisks (Lair:6)
  2 swamp worm simulacra (Swamp:4)
  12 vampire mosquitoes
  An acid dragon (D:9)
  5 insubstantial wisps (Lair:2)
  A warg (Orc:1)
  10 water moccasins
  11 swamp worms
  2 hydra simulacra (Swamp:4)
  4 porcupines
  A porcupine (shapeshifter) (Gauntlet)
  4 phantoms
  9 swamp drakes
  10 orc warriors
  An ice beast (D:12)
  A sky beast (shapeshifter) (Gauntlet)
  2 sky beasts
  A black bear (Lair:6)
  3 necrophages
  7 centaurs
  30 ogres
  11 wolves
  9 crocodiles
  An elf zombie (Ossuary)
  11 bullfrogs
  3 big kobolds
  A gnoll sergeant (D:8)
  A water moccasin zombie (D:11)
  2 wyvern skeletons
  3 scorpions
  3 wights (D:10)
  7 howler monkeys
  A bullfrog zombie (D:8)
  2 jellies (Gauntlet)
  A quasit (D:7)
  5 hounds
  A human zombie (Ossuary)
  15 orc priests
  2 bullfrog skeletons
  15 orc wizards
  6 worker ants
  2 iguanas
  A killer bee zombie (D:8)
  2 big kobold zombies (Ossuary)
  2 hound zombies (D:6)
  5 mummies
  A howler monkey zombie (D:6)
  3 worker ant zombies
  A howler monkey skeleton (D:10)
  10 gnolls
  13 adders
  A river rat (Sewer)
  6 shadow imps
  6 white imps
  2 ufetubi
  3 oozes
  3 swamp drake simulacra (Swamp:4)
  An adder zombie (Ossuary)
  2 adder skeletons
  5 worms
  2 dart slugs
  9 leopard geckos
  53 orcs
  4 ball pythons
  7 bats
  8 giant cockroaches
  A gnoll zombie (Ossuary)
  6 hobgoblins
  13 jackals
  6 quokkas
  3 frilled lizards
  3 goblins
  A goblin zombie (Ossuary)
  A hobgoblin zombie (Ossuary)
  A jackal zombie (Ossuary)
  24 kobolds
  2 kobold zombies (Ossuary)
  A quokka zombie (D:5)
  11 rats
  A rat zombie (Ossuary)
  2 briar patches
763 creatures vanquished.

Vanquished Creatures (others)
  A cane toad (Swamp:4)
  A human (Swamp:2)
  A swamp drake (Swamp:2)
  4 briar patches (Swamp:1)
  3 fungi
  3 plants
13 creatures vanquished.

Grand Total: 776 creatures vanquished

Notes
Turn   | Place    | Note
-------+----------+-------------------------------------------
     0 | D:1      | Infinimo the Demonspawn Berserker began the quest for the
                  | Orb.
     0 | D:1      | Reached XP level 1. HP: 18/18 MP: 1/1
   113 | D:1      | Gained mutation: You sometimes gain a little power by
                  | taking damage. [demonic ancestry]
   113 | D:1      | Reached XP level 2. HP: 24/24 MP: 2/2
   193 | D:1      | Reached skill level 3 in Long Blades
   724 | D:2      | Gained mutation: You sometimes gain power by taking damage.
                  | [demonic ancestry]
   724 | D:2      | Reached XP level 3. HP: 27/29 MP: 3/3
  1292 | D:2      | Found a glowing silver altar of Zin.
  1296 | D:2      | Reached ** piety under Trog
  1371 | D:2      | Reached XP level 4. HP: 35/35 MP: 4/4
  1606 | D:3      | Found a glowing drain.
  1700 | Sewer    | Entered a sewer
  1829 | Sewer    | Noticed a big kobold
  1838 | Sewer    | Killed a big kobold
  1838 | Sewer    | Reached skill level 4 in Long Blades
  1838 | Sewer    | Reached XP level 5. HP: 42/42 MP: 5/5
  1971 | Sewer    | Found a white marble altar of Elyvilon.
  2814 | D:4      | Reached XP level 6. HP: 44/48 MP: 6/6
  3120 | D:4      | Found Unemme Mitoff's Mayhem Merchandise.
  3147 | D:4      | Gained mutation: You have large cloven feet. [potion of
                  | mutation]
  3147 | D:4      | Gained mutation: You have a pair of small horns on your
                  | head. [potion of mutation]
  3297 | D:4      | Found a sand-covered staircase.
  3303 | Ossuary  | Entered an ossuary
  3310 | Ossuary  | Reached *** piety under Trog
  3312 | Ossuary  | Reached skill level 5 in Long Blades
  3325 | Ossuary  | Gained mutation: You are immune to rotting. [demonic
                  | ancestry]
  3325 | Ossuary  | Reached XP level 7. HP: 55/55 MP: 7/7
  4401 | D:4      | Found a white marble altar of Elyvilon.
  4858 | D:5      | Entered Level 5 of the Dungeon
  4939 | D:5      | Found a stormy altar of Qazlal.
  5095 | D:5      | Reached skill level 5 in Fighting
  5161 | D:5      | Reached skill level 6 in Long Blades
  5161 | D:5      | Lost mutation: You have large cloven feet. [demonic
                  | ancestry]
  5161 | D:5      | Gained mutation: You have sharp toenails. [demonic
                  | ancestry]
  5161 | D:5      | Reached XP level 8. HP: 62/62 MP: 8/8
  5771 | D:6      | Reached **** piety under Trog
  5996 | D:6      | Reached skill level 7 in Long Blades
  6526 | D:6      | Reached skill level 5 in Armour
  6571 | D:6      | Reached skill level 5 in Dodging
  6702 | D:6      | Gained mutation: You are partially covered in slimy green
                  | scales. (AC +2) [demonic ancestry]
  6702 | D:6      | Reached XP level 9. HP: 69/69 MP: 9/9
  6829 | D:7      | Found a hazy altar of Hepliaklqana.
  6830 | D:7      | Found Urephoor's General Store.
  6838 | D:7      | Bought a scroll of teleportation for 42 gold pieces
  6838 | D:7      | Bought a potion of heal wounds for 70 gold pieces
  7016 | D:7      | Found Enide's Armour Boutique.
  7278 | D:7      | Found a staircase to the Ecumenical Temple.
  7393 | D:7      | Reached skill level 8 in Long Blades
  7507 | D:7      | Found Duttubia's Gadget Emporium.
  7609 | D:7      | Found a runed translucent door.
  7609 | D:7      | Found a shimmering altar of Xom.
  7609 | D:7      | Noticed iamserjio's ghost (novice OpDe)
  7609 | D:7      | Noticed a +0 hand axe of chaos
  7631 | D:7      | Found a runed translucent door.
  7632 | D:7      | Noticed Crazy Yiuf
  7661 | D:7      | Found Rikimo Coici's Book Shop.
  7711 | D:7      | Found Nomou's Weapon Shoppe.
  7844 | D:8      | Found a sacrificial altar of Ru.
  7971 | D:7      | Bought a +2 vorpal long sword for 258 gold pieces
  8464 | D:9      | Reached skill level 9 in Long Blades
  8475 | D:9      | Reached ***** piety under Trog
  8475 | D:9      | Gained mutation: You may emit foul miasma when damaged in
                  | melee. [demonic ancestry]
  8475 | D:9      | Reached XP level 10. HP: 79/79 MP: 10/10
  8908 | D:9      | Reached skill level 10 in Long Blades
  9076 | D:9      | Noticed a black mamba
  9077 | D:9      | a black mamba changed into a tarantella
  9359 | D:9      | Found a large runed translucent door.
  9360 | D:9      | Found a large runed translucent door.
  9407 | D:9      | Noticed Askman's ghost (novice GrEE)
  9439 | D:9      | Killed Askman's ghost
  9459 | D:9      | Reached XP level 11. HP: 51/87 MP: 11/11
  9861 | D:10     | Entered Level 10 of the Dungeon
 10030 | D:10     | Reached skill level 11 in Long Blades
 10339 | D:10     | Noticed a two-headed ogre
 10358 | D:10     | Killed a two-headed ogre
 10461 | D:10     | Found Cet Joph's Distillery.
 10480 | D:10     | Bought a potion of heal wounds for 55 gold pieces
 10480 | D:10     | Bought a potion of haste for 110 gold pieces
 10480 | D:10     | Bought a potion of curing for 33 gold pieces
 10480 | D:10     | Bought a potion of heal wounds for 55 gold pieces
 10480 | D:10     | Bought a potion of heal wounds for 55 gold pieces
 11244 | D:11     | Noticed Urug
 11267 | D:11     | Killed Urug
 11267 | D:11     | Received a gift from Trog
 11557 | D:11     | Noticed a fire dragon
 11563 | D:11     | Noticed a two-headed ogre
 11566 | D:11     | Killed a two-headed ogre
 11566 | D:11     | Reached skill level 12 in Long Blades
 11729 | D:11     | Found a staircase to the Lair.
 11941 | D:11     | Killed a fire dragon
 12137 | D:11     | Noticed Erolcha
 12142 | D:11     | Killed Erolcha
 12142 | D:11     | Reached skill level 10 in Fighting
 12352 | D:11     | Reached XP level 12. HP: 97/97 MP: 12/12
 12492 | D:11     | Noticed Psyche
 12501 | D:11     | Killed Psyche
 13137 | D:12     | Found a staircase to the Orcish Mines.
 13145 | D:12     | Found a roughly hewn altar of Beogh.
 13567 | D:12     | Noticed a centaur warrior
 13569 | D:12     | Killed a centaur warrior
 13958 | Lair:1   | Entered Level 1 of the Lair of Beasts
 14265 | Lair:1   | Reached skill level 13 in Long Blades
 14576 | Lair:1   | Noticed a four-headed hydra
 14585 | Lair:1   | Killed a ten-headed hydra
 15232 | Lair:2   | Received a gift from Trog
 15350 | Lair:2   | Found a staircase to the Swamp.
 15733 | Lair:2   | Reached skill level 10 in Armour
 16563 | Lair:3   | Found a gate leading to a gauntlet.
 16571 | Gauntlet | Entered a Gauntlet
 16571 | Gauntlet | Found a transporter.
 16651 | Gauntlet | Found a runed translucent gate.
 16651 | Gauntlet | Found a runed translucent gate.
 16651 | Gauntlet | Found a runed translucent gate.
 16653 | Gauntlet | Found a transporter.
 16656 | Gauntlet | Found a transporter.
 16657 | Gauntlet | Found a transporter.
 16665 | Gauntlet | Found a transporter.
 16668 | Gauntlet | Found a transporter.
 16669 | Gauntlet | Found a transporter.
 16680 | Gauntlet | Found a transporter.
 16681 | Gauntlet | Found a transporter.
 16681 | Gauntlet | Found a transporter.
 16692 | Gauntlet | Found a transporter.
 16692 | Gauntlet | Found a transporter.
 16693 | Gauntlet | Found a transporter.
 16695 | Gauntlet | Noticed a death ooze
 16697 | Gauntlet | Found a runed translucent door.
 16699 | Gauntlet | Found a runed translucent door.
 16701 | Gauntlet | Found a transporter.
 16990 | Gauntlet | Reached XP level 13. HP: 58/106 MP: 13/13
 17192 | Gauntlet | Reached skill level 14 in Long Blades
 17427 | Gauntlet | Killed a death ooze
 17492 | Gauntlet | Noticed a minotaur
 17504 | Gauntlet | Killed a minotaur
 18677 | Lair:3   | Found a hole to the Spider Nest.
 18731 | Lair:3   | Noticed Sonja
 18747 | Lair:3   | Killed Sonja
 21050 | Lair:6   | Entered Level 6 of the Lair of Beasts
 21086 | Lair:6   | Reached skill level 15 in Long Blades
 21371 | Lair:6   | Found a viscous altar of Jiyva.
 21371 | Lair:6   | Found a staircase to the Slime Pits.
 21607 | Lair:6   | Gained mutation: You are mostly covered in slimy green
                  | scales. (AC +3) [demonic ancestry]
 21607 | Lair:6   | Reached XP level 14. HP: 116/116 MP: 14/14
 22037 | Lair:6   | Received a gift from Trog
 22745 | Lair:6   | Reached ****** piety under Trog
 23271 | Lair:6   | Got a smoking scale mail
 23282 | Lair:6   | Identified the +3 scale mail "Cefasip" {rPois} (You found
                  | it on level 6 of the Lair of Beasts)
 23509 | Orc:1    | Entered Level 1 of the Orcish Mines
 23730 | Orc:1    | Reached skill level 16 in Long Blades
 24524 | Orc:1    | Received a gift from Trog
 24716 | Orc:2    | Entered Level 2 of the Orcish Mines
 24956 | Orc:2    | Found Ydosiw's Jewellery Emporium.
 25840 | Orc:2    | Found a staircase to the Elven Halls.
 25982 | Orc:2    | Found Qojiyc's General Store.
 26028 | Orc:2    | Found Unum's Magic Scroll Emporium.
 26033 | Orc:2    | Found Gourph's Jewellery Shop.
 26038 | Orc:2    | Found Liekuoz's Gadget Emporium.
 26058 | Orc:2    | Bought a potion of curing for 51 gold pieces
 26058 | Orc:2    | Bought a potion of heal wounds for 85 gold pieces
 26071 | Orc:2    | Gained mutation: Your flesh is cold resistant. (rC+)
                  | [demonic ancestry]
 26071 | Orc:2    | Reached XP level 15. HP: 83/124 MP: 15/15
 26363 | Orc:2    | Received a gift from Trog
 26799 | D:7      | Bought the +16 plate armour of Gedoz {rF+ rC+ Str+4 Dex+2}
                  | for 1738 gold pieces
 26958 | Swamp:1  | Entered Level 1 of the Swamp
 27028 | Swamp:1  | Noticed a thorn hunter
 27442 | Swamp:1  | Killed a thorn hunter
 28421 | Swamp:2  | Noticed Kirke
 28462 | Swamp:1  | Killed Kirke
 28720 | Swamp:2  | Reached skill level 17 in Long Blades
 28876 | Swamp:2  | Noticed a thorn hunter
 29066 | Swamp:2  | Killed a thorn hunter
 29144 | Swamp:2  | Received a gift from Trog
 30349 | Swamp:1  | Identified a scroll of acquirement
 30349 | Swamp:1  | Acquired the +2 pair of gloves of Perpetual Drought {rPois
                  | rN++ Dex+2}
 31197 | Swamp:3  | Noticed a thorn hunter
 31208 | Swamp:3  | Killed a thorn hunter
 31397 | Swamp:3  | Noticed a thorn hunter
 31410 | Swamp:3  | Killed a thorn hunter
 31415 | Swamp:3  | Received a gift from Trog
 32091 | Swamp:4  | Entered Level 4 of the Swamp
 32105 | Swamp:4  | Gained mutation: You have razor-sharp toenails. [demonic
                  | ancestry]
 32105 | Swamp:4  | Reached XP level 16. HP: 130/134 MP: 16/16
 33273 | Swamp:4  | Reached skill level 18 in Long Blades
 33317 | Swamp:4  | HP: 6/134 [four-headed hydra simulacrum (10)]
 33317 | Swamp:4  | Mangled by a four-headed hydra simulacrum

Illustrated notes

Levels and vault maps discovered:
D:1:      grunt_arrival_crossed_arrows, layout_basic
D:2:      wad_crossroads, layout_basic, lemuel_crystal_altar, st_stairs_8
D:3:      layout_basic, cheibrodos_sewer_entry_drain, wad_orctagon
D:4:      layout_basic, gup_ossuary_entry_pyramid, minmay_shop_mayhem,
          corexii_checkpoint_a, elyvilon_altar_3
D:5:      layout_basic, basic_altar
D:6:      layout_basic
D:7:      layout_basic, minmay_temple_entry_fiery, ebering_ghost_xom,
          basic_altar, serial_shops, kennysheep_little_box, shop,
          nicolae_shop_crystal, nicolae_shop_temple_entry_statues_fountains,
          shop, uniq_crazy_yiuf_cottage
D:8:      layout_rooms, nicolae_ru_sacrificial_ziggurat
D:9:      cheibrodos_grave_circle, layout_cross, ebering_ghost_disaster_area,
          kb_rosetta
D:10:     layout_long_grid, serial_shops, shop, kennysheep_pointless_box
D:11:     layout_gridville, minmay_lair_entry_lava, uniq_erolcha, uniq_psyche,
          uniq_urug
D:12:     layout_roguey, minmay_orc_entry_temple_large,
          small_chamber_with_monster
Lair:1:   layout_roguey
Lair:2:   layout_roguey, minmay_swamp_entry_wisps,
          chequers_serial_rivers_small_3
Lair:3:   layout_regular_city, spider_nest_entry_rubble, gauntlet_entry_generic,
          serial_bayou_shore_b, uniq_sonja
Lair:4:   layout_layer_cave, grunt_megastairs_4, infiniplex_staircase_pool_2
Lair:5:   layout_regular_city, cheibrodos_lair_lostbears
Lair:6:   grunt_lair_end_beastmaster, layout_misc_corridors,
          dpeg_slime_entry_enclosed_altar, special_room
          [special_room_mythical_zoo], wad_woods_03
Swamp:1:  layout_basic_swamp, evilmike_swamp_ruin_house_4, swamp_pool1,
          infiniplex_staircase_pool
Swamp:2:  layout_basic_swamp, evilmike_swamp_ruin_rubble_1, uniq_kirke
Swamp:3:  layout_basic_swamp, serial_swamp_ruin, evilmike_swamp_ruin_house_5,
          evilmike_swamp_ruin_house_1, hangedman_swamp_ruin_wall
Swamp:4:  swamp_icy, layout_basic_swamp
Orc:1:    giant_chief_lemuel, layout_diamond_mine
Orc:2:    st_orc_open, layout_diamond_mine, serial_shops, nicolae_shop_stone

Skill      XL: |  1  2  3  4  5  6  7  8  9 10 11 12 13 14 15 16 |
---------------+-------------------------------------------------+-----
Armour         | 2 3 4 5 6 7 9 10 11 12 13 | 13.3
Dodging        | 2 3 4 5 |  5.0
Long Blades    | 3 4 5 6 7 9 10 12 13 15 16 17 18 | 18.0
Fighting       | 4 5 6 7 8 10 11 12 13 14 | 14.5

Action                   |  1- 3 |  4- 6 |  7- 9 | 10-12 | 13-15 | 16-18 || total
-------------------------+-------+-------+-------+-------+-------+-------++-------
Melee: Falchion          |   134 |   154 |   351 |       |       |       ||   639
       Headbutt          |       |     8 |    91 |   155 |   233 |    34 ||   521
       Long sword        |       |       |    47 |   306 |       |       ||   353
       Double sword      |       |       |       |   202 |       |       ||   202
       Triple sword      |       |       |       |   102 |   954 |   116 ||  1172
       Unarmed           |       |       |       |       |    14 |       ||    14
Invok: Berserk           |     7 |     9 |    24 |    29 |    34 |     2 ||   105
       Trog's Hand       |       |       |       |     2 |       |       ||     2
Evoke: Wand              |       |       |       |       |     1 |       ||     1
  Use: Scroll            |       |    13 |     7 |    11 |    22 |     3 ||    56
       Potion            |       |     6 |       |     1 |     9 |     6 ||    22
 Stab: Sleeping          |     3 |     1 |     1 |       |       |       ||     5
       Petrified         |       |       |       |       |     3 |       ||     3
       Confused          |       |       |       |       |       |     1 ||     1
Armor: Animal skin       |    34 |    35 |    63 |       |       |       ||   132
       Skin              |       |    32 |       |       |       |       ||    32
       Plate armour      |       |       |    97 |   445 |   626 |       ||  1168
       Gold dragon scale |       |       |       |       |   141 |   178 ||   319
Dodge: Dodged            |   110 |   113 |   204 |   233 |   692 |    87 ||  1439
       Repelled          |       |       |       |     3 |    22 |     5 ||    30
Block: Other             |       |       |    72 |   142 |   241 |    47 ||   502
       Reflection        |       |       |     3 |     3 |     5 |       ||    11
       Rpst.: Falchion   |    42 |    35 |    49 |       |       |       ||   126
       Long sword        |       |       |     1 |    28 |       |       ||    29
       Double sword      |       |       |       |     7 |       |       ||     7
       Triple sword      |       |       |       |    14 |   167 |    13 ||   194

Table legend: (Time is in decaauts)
 A = Elapsed time spent in this place.
 B = Non-inter-level travel time spent in this place.
 C = Inter-level travel time spent in this place.
 D = Time resting spent in this place.
 E = Time spent auto-exploring this place.
 F = Levels seen in this place.
 G = Mean time per level.
                   A        B        C        D        E       F      G
               +--------+--------+--------+--------+--------+-----+--------+
         Total |  34726 |  32914 |   1812 |   4921 |  23064 |  27 | 1286.1 |
       Dungeon |  13769 |  13014 |    755 |   2505 |   8308 |  12 | 1147.4 |
          Lair |   8776 |   8082 |    694 |    659 |   6432 |   6 | 1462.7 |
         Swamp |   6569 |   6323 |    246 |    815 |   4443 |   4 | 1642.2 |
  Orcish Mines |   3269 |   3153 |    116 |    559 |   2217 |   2 | 1634.5 |
         Sewer |    352 |    352 |      0 |    202 |    111 |   1 |  352.0 |
       Ossuary |    660 |    660 |      0 |     37 |    548 |   1 |  660.0 |
      Gauntlet |   1328 |   1328 |      0 |    141 |   1003 |   1 | 1328.0 |
               +--------+--------+--------+--------+--------+-----+--------+

Top non-repeatable levels by time:
  Lair:6: 2411 daAuts
 Swamp:2: 1936 daAuts
 Swamp:1: 1933 daAuts
   Orc:1: 1845 daAuts
 Swamp:3: 1624 daAuts
    D:11: 1600 daAuts
  Lair:3: 1552 daAuts
     D:4: 1467 daAuts
  Lair:2: 1456 daAuts
   Orc:2: 1424 daAuts
    D:10: 1416 daAuts
    D:12: 1354 daAuts
Gauntlet: 1328 daAuts
  Lair:1: 1262 daAuts
     D:7: 1191 daAuts
